 Dungeon Crawl Stone Soup version 0.17-a0-1508-ge7f3dc3 (webtiles) character file.

28 Chiseanne the Insei (level 3, 9/26 HPs)
             Began as a Demonspawn Transmuter on July 10, 2015.
             Quit the game on level 2 of the Dungeon.
             The game lasted 00:03:22 (1162 turns).

Chiseanne the Insei (Demonspawn Transmuter)         Turns: 1162, Time: 00:03:22

Health: 9/26       AC:  3    Str: 11    XL:     3   Next: 0%
Magic:  3/6        EV: 12    Int: 14    God:
Gold:   89         SH:  0    Dex: 13    Spells: 1 memorised, 5 levels left

rFire  . . .     SeeInvis .       - Unarmed
rCold  . . .     Clarity  .     g - +0 leather armour
rNeg   . . .     SustAt   .     (no shield)
rPois  .         Gourm    .     (helmet restricted)
rElec  .         Spirit   .     (no cloak)
rCorr  .         Warding  .     (no gloves)
rMut   .         Stasis   .     (no boots)
MR     .....                    (no amulet)
Stlth  +.........               (no ring)
                                (no ring)

@: seriously poisoned (9 -> 1), appendage (expiring), very slightly
contaminated, not resistant to hostile enchantments, very unstealthy
A: antennae 1, talons 1
a: End Transformation


You were on level 2 of the Dungeon.
You were very hungry.
You had grown temporary horns.
You visited 1 branch of the dungeon, and saw 2 of its levels.

You collected 89 gold pieces.

Inventory:

Missiles
 a - 12 arrows
 f - 21 sling bullets
 i - 12 bolts
Armour
 g - a +0 leather armour (worn)
Scrolls
 b - a scroll of teleportation {unknown}
 e - a scroll of identify {unknown}
 h - a scroll of remove curse {unknown}
Potions
 j - a potion of curing {unknown}
 k - 2 potions of haste {unknown}
Books
 c - a book of Changes

   Spells                             Type                      Level
   a - Beastly Appendage              Transmutation                1
   b - Sticks to Snakes               Transmutation                2
   c - Spider Form                    Transmutation/Poison         3
   d - Ice Form                       Ice/Transmutation            4
   e - Blade Hands                    Transmutation                5
Comestibles
 d - 2 bread rations


   Skills:
 + Level 1.5 Fighting
 * Level 1.0 Armour
 + Level 2.0 Dodging
 - Level 2.6 Unarmed Combat
 + Level 2.3 Spellcasting
 + Level 2.0 Transmutations


You had 5 spell levels left.
You knew the following spells:

 Your Spells              Type           Power        Failure   Level  Hunger
a - Beastly Appendage     Trmt           #.....       14%         1    #......


Dungeon Overview and Level Annotations

Branches:
Dungeon (2/15)

Altars:


Innate Abilities, Weirdness & Mutations

You have a pair of small antennae on your head.
You have sharp toenails.


Message History

You hit the adder but do no damage.
The adder is severely wounded.
The adder barely misses you. x2
You barely miss the adder.
The adder is severely wounded.
Your transformation is almost over.
You feel sick. The adder closely misses you.
You closely miss the adder.
The adder is severely wounded.
You feel sick. The adder misses you.
You closely miss the adder. You headbutt the adder.
You kill the adder!
Your Armour skill increases to level 1!
You have reached level 3!
Your experience leads to an increase in your attributes!
Increase (S)trength, (I)ntelligence, or (D)exterity?
You feel stronger.
Your demonic ancestry asserts itself...
The horns on your head shrink a bit. The horns on your head shrink away.
A pair of antennae grows on your head!
Are you sure you want to abandon this character and quit the game? (Confirm with "yes".)

##### ## #.... ..
#.#.# .# #.#.###.#
#.#.....# #.#..#..#
#†#..#..#
#.@.....##########
####...###.......#
#......#.>.....#
#....#.#...(.(.#
.........).(.(..(#
...#.#.##.#....(..#
####.#<##.#.....<.#
#......#....)(.#
##.############


There were no monsters in sight!

Vanquished Creatures
  An adder (D:2)
  A giant cockroach (D:1)
  3 goblins (D:1)
  3 hobgoblins (D:1)
  4 giant newts
  6 kobolds
  A rat (D:1)
19 creatures vanquished.

Notes
Turn   | Place    | Note
--------------------------------------------------------------
     0 | D:1      | Chiseanne the Demonspawn Transmuter began the quest for the Orb.
     0 | D:1      | Reached XP level 1. HP: 15/15 MP: 3/3
   598 | D:1      | Mutation became permanent: You have claws for feet. [demonic ancestry]
   598 | D:1      | Reached XP level 2. HP: 14/21 MP: 3/5
  1161 | D:2      | Reached skill level 1 in Armour
  1161 | D:2      | Lost mutation: You have a pair of horns on your head. [demonic ancestry]
  1161 | D:2      | Lost mutation: You have a pair of small horns on your head. [demonic ancestry]
  1161 | D:2      | Gained mutation: You have a pair of small antennae on your head. [demonic ancestry]
  1161 | D:2      | Reached XP level 3. HP: 9/26 MP: 3/6
  1162 | D:2      | Quit the game

Vault maps used:
D:1:      minmay_arrival_arboretum_small, minmay_parallelograms
D:2:      lemuel_coloured_pillars_altar, eino_tiny_chamber, fedhas_altar_2

Action                   || total
-------------------------++-------
Melee: Unarmed           ||    73
 Cast: Beastly Appendage ||    16
